 Dungeon Crawl Stone Soup version 0.20-a0-1000-g0e8f6bb (console) character file.

89 pagos the Sneak (level 4, -1/44 HPs)
             Began as a Deep Dwarf Monk on Apr 13, 2017.
             Succumbed to a scorpion's poison
             ... on level 3 of the Dungeon.
             The game lasted 00:08:51 (2223 turns).

pagos the Sneak (Deep Dwarf Monk)                   Turns: 2223, Time: 00:08:52

Health: -1/44      AC:  3    Str: 16    XL:     4   Next: 31%
Magic:  4/4        EV: 15    Int: 10    God:
Gold:   112        SH:  0    Dex: 15    Spells: 3/3 levels left

rFire    . . .     SeeInvis .   v - +0 dagger (speed)
rCold    . . .     Gourm    .   (no shield)
rNeg     . . .     Faith    .   a - +0 robe
rPois    .         Spirit   .   (no helmet)
rElec    .         Reflect  .   h - +0 cloak
rCorr    .         Harm     .   (no gloves)
MR       .....                  (no boots)
Stlth    +++.......             (no amulet)
Regen    0.0/turn               (no ring)
MPRegen  0.1/turn               (no ring)

@: lethally poisoned (-1 -> -6), non-regenerating
A: damage resistance, heal wounds, sense surroundings 1, no regeneration
a: Heal Wounds


You were on level 3 of the Dungeon.
You were hungry.

You visited 1 branch of the dungeon, and saw 3 of its levels.

You collected 112 gold pieces.

Inventory:

Hand Weapons
 t - a +0 short sword
 v - a +0 dagger of speed (weapon)
Missiles
 g - 6 needles of frenzy
 o - 6 javelins (quivered)
Armour
 a - a +0 robe (worn)
 h - a +0 cloak (worn)
 k - a scarf of cold resistance
 u - a +0 plate armour
Scrolls
 c - 4 scrolls of identify {unknown}
 i - a scroll of remove curse {unknown}
 l - a scroll of fear {unknown}
 n - 2 scrolls of immolation {unknown}
 p - 2 scrolls of teleportation {unknown}
 r - a scroll of noise {unknown}
 s - a scroll of enchant weapon {unknown}
 w - a scroll of magic mapping {unknown}
Potions
 d - a potion of lignification {unknown}
 e - 2 potions of curing {unknown}
 f - a potion of might {unknown}
 x - a potion of magic {unknown}
 z - a potion of heal wounds {unknown}
 A - a potion of degeneration {unknown}
Comestibles
 b - 2 bread rations
 j - 2 royal jellies
 m - 2 meat rations
 q - 2 fruits


   Skills:
 + Level 4.1 Fighting
 + Level 1.2 Armour
 + Level 5.1 Dodging
 + Level 5.6 Stealth


You had 3 spell levels left.
You didn't know any spells.

Dungeon Overview and Level Annotations

Branches:
Dungeon (3/15)

Altars:

Annotations:
D:2 Robin


Innate Abilities, Weirdness & Mutations

You are resistant to damage.
You can heal yourself by infusing magical energy.
You passively map a small area around you.
You do not regenerate.


Message History

The scorpion is heavily wounded.
The scorpion stings you.
* * * LOW HITPOINT WARNING * * *
You are lethally poisoned!
The scorpion poisons you!
You barely miss the scorpion.
The scorpion is heavily wounded.
* * * LOW HITPOINT WARNING * * *
You feel sick. The scorpion closely misses you.
You hit the scorpion.
The scorpion is heavily wounded.
* * * LOW HITPOINT WARNING * * *
You feel sick. The scorpion stings you.
You hit the scorpion but do no damage.
The scorpion is heavily wounded.
* * * LOW HITPOINT WARNING * * *
You feel sick.
You hit the scorpion but do no damage.
The scorpion is heavily wounded.
You die...

,* , , * , * ,, , , , * ,
,...o,... , * , ,
,.......o...##* , ,* *
*#.......#>..#
#.......#.#.#
*...........### * , *,*
*#.##.#.......
###.######.##.#.#.#.####
,......s@......#.#.......
###.#####...........####
* * #.#####..#.######.#
,, , #..........# #.# ,,
..#####..### #.# * * #..#
#.# , #..# ######.####
#..# #.......... , #..#
#.#.####### * #..###.#.#
#......#.#


You could see a scorpion.

Vanquished Creatures
  2 adders
  An ooze (D:1)
  A dart slug (D:1)
  A leopard gecko (D:2)
  7 bats
  2 giant cockroaches
  12 goblins
  7 hobgoblins
  4 jackals (D:2)
  2 quokkas (D:2)
  2 ball pythons
  3 frilled lizards
  8 kobolds
  8 rats
60 creatures vanquished.

Notes
Turn   | Place    | Note
-------+----------+-------------------------------------------
     0 | D:1      | pagos the Deep Dwarf Monk began the quest for the Orb.
     0 | D:1      | Reached XP level 1. HP: 21/21 MP: 1/1
   347 | D:1      | Reached XP level 2. HP: 13/30 MP: 2/2
   438 | D:1      | Reached skill level 5 in Stealth
   782 | D:1      | Reached XP level 3. HP: 12/36 MP: 3/3
   889 | D:1      | Reached skill level 5 in Dodging
  1640 | D:2      | Reached XP level 4. HP: 33/44 MP: 4/4
  1645 | D:2      | Reached skill level 1 in Armour
  1789 | D:2      | Noticed Robin
  2194 | D:3      | HP: 1/44 [scorpion (5)]
  2221 | D:3      | HP: 2/44 [poisoned by a scorpion]
  2223 | D:3      | Succumbed to a scorpion's poison

Vault maps used:
D:1:      dpeg_arrival_yet_another_circle
D:2:      cheibrodos_old_hovel, first_bread, minmay_misc_feat_plants,
          minmay_heptomino_d4, uniq_robin
D:3:      lemuel_coloured_pillars_altar

Skill      XL: |  1  2  3  4 |
---------------+-------------+-----
Stealth        | 5 |  5.6
Fighting       | 4 |  4.1
Dodging        | 5 |  5.1
Armour         | 1 |  1.2

Action                   |  1- 3 |  4- 6 || total
-------------------------+-------+-------++-------
Melee: Unarmed           |    25 |       ||    25
       Dagger            |   150 |   126 ||   276
       Short sword       |     7 |       ||     7
 Abil: Heal Wounds       |     1 |     1 ||     2
 Stab: Sleeping          |    14 |     3 ||    17
       Distracted        |     1 |       ||     1
  Eat: Chunk             |     2 |     2 ||     4
Armor: Robe              |    33 |     9 ||    42
Dodge: Dodged            |   137 |    56 ||   193
